 Dungeon Sprint DCSS version 0.30.1-9-gdf580d7c3d (webtiles) character file.

Game seed: 17467891851659795108

1808 Heoruswealwe the Impaler (level 8, -8/85 HPs)
             Began as a Minotaur Fighter on Oct 4, 2023.
             Was an Initiate of Gozag.
             Mangled by a sixfirhy (9 damage)
             ... summoned by a kobold demonologist
             ... in the Dungeon (Sprint IX: "|||||||||||||||||||||||||||||").
             The game lasted 00:03:50 (382 turns).

Heoruswealwe the Impaler (Minotaur Fighter)          Turns: 382, Time: 00:03:50

Health: -8/85      AC:  9    Str: 24    XL:     8   Next: 84%
Magic:  7/7        EV: 10    Int:  5    God:    Gozag
Gold:   342        SH:  0    Dex:  9    Spells: 7/7 levels left

rFire   . . .        b - +2 halberd (venom)
rCold   . . .        (shield currently unavailable)
rNeg    . . .        c - +2 ring mail
rPois   .            (helmet restricted)
rElec   .            (no cloak)
rCorr   .            (no gloves)
SInv    .            (no boots)
Will    .....        (no amulet) Stlth
                     (no ring)
HPRegen 0.34/turn    (no ring)
MPRegen 0.10/turn

%: no teleportation
@: mighty, gold aura, hasted, very quick
A: horns 2, retaliatory headbutt
a: Renounce Religion, Potion Petition, Call Merchant, Bribe Branch


You were in the Dungeon.
You worshipped Gozag.
Gozag was aware of your devotion.
You visited 1 branch You collected 342 gold pieces.

Inventory:

Hand Weapons
 a - a +0 trident
 b - a +2 halberd of venom (weapon)
Armour
 c - a +2 ring mail (worn)
 d - a +0 buckler
Wands
 h - a wand of iceblast (10)
Scrolls
 j - a scroll of blinking


   Skills:
 + Level 12.4 Fighting
 * Level 16.6 Polearms
 + Level 12.4 Armour
 - Level 3.6 Shields


You had 7 spell levels left.
You didn't know any spells.
Your spell library was empty.

Dungeon Overview and Level Annotations

Branches:
Dungeon (1/1)

Altars:
Cheibriados
Dithmenos
Elyvilon
Fedhas
Gozag
Hepliaklqana
Kikubaaqudgha
Makhleb
Nemelex Xobeh
Okawaru
Qazlal
Ru
Sif Muna
Trog
Uskayaw
Vehumet
Wu Jian
Xom
Yredelemnul
Zin
The Shining One
Jiyva
Lugonu


Innate Abilities, Weirdness & Mutations

You have a pair of horns on your head.
You reflexively headbutt those who attack you in melee.


Message History

The cyclops hits you but does no damage.
You slash the cyclops!
You kill the cyclops!
Your Polearms skill increases to level 15!
You barely miss the cyan ugly thing.
The kobold demonologist casts a spell.
The cyan ugly thing stings you!
* * * LOW HITPOINT WARNING * * *
The cyan ugly thing shocks you!
* * * LOW HITPOINT WARNING * * *
Blink to where?
Press: ? - help, Dir - move target
As you read the scroll of blinking, it crumbles to dust.
You feel better.
You feel better.
You feel better.
You feel better.
Things that are here:
a +0 dagger; a +0 robe; a +0 shortbow You impale the cyan ugly thing!!
The cyan ugly thing looks as sick as possible!
The cyan ugly thing is moderately wounded.
You impale the cyan ugly thing!!
The cyan ugly thing looks as sick as possible!
You headbutt the cyan ugly thing!
The cyan ugly thing is almost dead.
The cyan ugly thing stings you!
* * * LOW HITPOINT WARNING * * *
The cyan ugly thing shocks you!
* * * LOW HITPOINT WARNING * * *
You puncture the cyan ugly thing!
You kill the cyan ugly thing!
Your Fighting skill increases to level 12!
Your Polearms skill increases to level 16!
Your Armour skill increases to level 12!
The sixfirhy hits you!
* * * LOW HITPOINT WARNING * * *
The sixfirhy shocks you!
You die...
Your body crumbles into a pile of gold. $$$$ $$$$$ $ $ $ $$$$$ $ ▓▓▓▓▓▓▓▓▓▓▓▓▓▓▓▓▓▓▓▓▓▓▓▓▓▓▓▓▓▓ _____'!?)[==...'@3$...KT..T3.+ ▓▓▓▓▓▓▓▓▓▓▓▓▓▓▓▓▓▓▓▓▓▓▓▓▓▓▓▓▓▓

You could see a kobold demonologist, a troll and a sixfirhy (summoned).

Vanquished Creatures
  An ugly thing (D)
  A cyclops (D)
  An unseen horror (D)
  A slime creature (D)
  A vampire (D)
  A wyvern (D)
  2 centaurs (D)
  A killer bee (D)
  2 orc wizards (D)
  2 adders (D)
  An ufetubus (D)
  2 dart slugs (D)
  An orc (D)
  A ball python (D)
  A giant cockroach (D)
  A quokka (D)
20 creatures vanquished.

Notes
Turn   | Place    | Note
-------+----------+-------------------------------------------
     0 | D        | Heoruswealwe the Minotaur Fighter began the quest for the
                  | Orb.
     0 | D        | Reached XP level 1. HP: 19/19 MP: 0/0
     7 | D        | Reached skill level 3 in Polearms
    18 | D        | Reached skill level 4 in Polearms
    18 | D        | Reached XP level 2. HP: 24/28 MP: 1/1
    37 | D        | Reached skill level 5 in Fighting
    37 | D        | Reached skill level 5 in Polearms
    37 | D        | Reached skill level 5 in Armour
    44 | D        | Reached XP level 3. HP: 29/36 MP: 2/2
    59 | D        | Reached skill level 6 in Polearms
    71 | D        | Found a snail-covered altar of Cheibriados.
    71 | D        | Found a shadowy altar of Dithmenos.
    71 | D        | Found a white marble altar of Elyvilon.
    71 | D        | Found a blossoming altar of Fedhas.
    71 | D        | Found an opulent altar of Gozag.
    72 | D        | Found a hazy altar of Hepliaklqana.
    73 | D        | Found a viscous altar of Jiyva.
    74 | D        | Found an ancient bone altar of Kikubaaqudgha.
    75 | D        | Found a corrupted altar of Lugonu.
    76 | D        | Found a burning altar of Makhleb.
    77 | D        | Found a sparkling altar of Nemelex Xobeh.
    78 | D        | Found an iron altar of Okawaru.
    79 | D        | Became a worshipper of Gozag Ym Sagoz the Greedy
    80 | D        | Found a stormy altar of Qazlal.
    81 | D        | Found a sacrificial altar of Ru.
    82 | D        | Found a shimmering blue altar of Sif Muna.
    83 | D        | Found a bloodstained altar of Trog.
    84 | D        | Found a hide-covered altar of Uskayaw.
    85 | D        | Found a radiant altar of Vehumet.
    86 | D        | Found an ornate altar of the Wu Jian Council.
    87 | D        | Found a shimmering altar of Xom.
    88 | D        | Found a basalt altar of Yredelemnul.
    89 | D        | Found a glowing silver altar of Zin.
    90 | D        | Found a glowing golden altar of the Shining One.
   160 | D        | Noticed a killer bee
   160 | D        | Noticed a wyvern
   160 | D        | Noticed a centaur
   160 | D        | Noticed a vampire
   165 | D        | Killed a killer bee
   166 | D        | Reached skill level 8 in Polearms
   166 | D        | Reached XP level 4. HP: 36/45 MP: 3/3
   177 | D        | Killed an unseen horror
   178 | D        | Reached skill level 12 in Polearms
   178 | D        | Reached XP level 5. HP: 41/57 MP: 4/4
   178 | D        | Reached XP level 6. HP: 45/63 MP: 5/5
   179 | D        | Killed a wyvern
   180 | D        | Reached XP level 7. HP: 50/71 MP: 6/6
   185 | D        | Reached skill level 10 in Fighting
   185 | D        | Reached skill level 13 in Polearms
   185 | D        | Reached skill level 10 in Armour
   201 | D        | Killed a vampire
   202 | D        | Reached skill level 14 in Polearms
   354 | D        | Noticed a slime creature
   354 | D        | Noticed a cyclops
   354 | D        | Noticed a cyan ugly thing
   354 | D        | Noticed a kobold demonologist
   354 | D        | Noticed a troll
   361 | D        | Killed a slime creature
   365 | D        | Noticed a sixfirhy
   367 | D        | Reached XP level 8. HP: 31/82 MP: 7/7
   370 | D        | Killed a cyclops
   371 | D        | Reached skill level 15 in Polearms
   371 | D        | HP: 3/83 [cyan ugly thing (17)]
   372 | D        | Noticed a sixfirhy
   381 | D        | Killed a cyan ugly thing
   382 | D        | Reached skill level 16 in Polearms
   382 | D        | HP: 1/85 [sixfirhy[a kobold demonologist] (7)]
   382 | D        | Mangled by a sixfirhy

Illustrated notes

Levels and vault maps discovered:
D:        linesprint [early_d, line_temple, items_1, d_10, items_2, lair_1,
          lair_end, items_3, orc_1, orc_end, items_4, d_15, swamp_1, shoals_1,
          snake_1, spider_1, d_20, vaults_1, items_5, swamp_end, shoals_end,
          snake_end, spider_end, vaults_end, d_27, items_6, zot_1, zot_end,
          crypt_end, forest_end, elf_end, slime_end, tomb_end, abyss_end,
          pan_hell_end]

Skill      XL: |  1  2  3  4  5  6  7  8 |
---------------+-------------------------+-----
Fighting       | 4 5 6 9 11 12 | 12.4
Polearms       | 4 5 8 12 14 16 | 16.6
Armour         | 4 5 6 9 11 12 | 12.4
Shields        | |  3.6

Action                     |  1- 3 |  4- 6 |  7- 9 || total
---------------------------+-------+-------+-------++-------
  Melee: Trident           |    44 |       |       ||    44
         Headbutt          |     5 |     1 |     8 ||    14
         Halberd           |     5 |    12 |    37 ||    54
    Use: Potion            |       |     2 |     9 ||    11
         Scroll            |       |       |     1 ||     1
 Armour: Scale mail        |    17 |       |       ||    17
         Ring mail         |     3 |    12 |    17 ||    32
  Dodge: Dodged            |    16 |     3 |    13 ||    32
  Block: Buckler           |     6 |       |       ||     6
